Unix NetHack Version 5.0.0-0 post-release - last build May 23 2026 06:08:33 (1c0ff79ee797540d5714e4e18072db0edd9e58ae,branch:main).

Game began 2026-05-26 13:16:27, ended 2026-05-26 13:45:29.

Drastanta, neutral male gnomish Wizard

                                                                     |
              --------#########                              ........|
              |.......#########  -------------                --------
              |......|#          |C.........C|
              |<......#          |.....C.....|
              --------####       ....--.--...|
                 a##    ##       |...|   |...|
                 a@#######       |..C|   |C..|
                                 |...|   |...|
                                 ....-----...|
                                 |.....C.....|
                                 |*.........C|
                                 -..-...------

Drastanta the Conjurer    St:10 Dx:13 Co:16 In:18 Wi:12 Ch:10  Neutral
Dlvl:6  $:116 HP:0(39) Pw:30(63) AC:9  Xp:5 T:2474 

Latest messages:
 In what direction? 4
 The spell hits the giant ant!
 You kill the giant ant!
 You see here a giant ant corpse.
 You already found a monster.  Use 'm' prefix to force another search.
 You already found a monster.  Use 'm' prefix to force another search.
 You already found a monster.  Use 'm' prefix to force another search.
 You already found a monster.  Use 'm' prefix to force another search.
 You already found a monster.  Use 'm' prefix to force another search.
 You already found a monster.  Use 'm' prefix to force another search.
 In what direction? 4
 The spell hits the giant ant!
 The giant ant bites!
 The giant ant bites!
 In what direction? 4
 The spell hits the giant ant.
 The giant ant bites!
 The giant ant bites!
 In what direction? 4
 The spell hits the giant ant!
 You kill the giant ant!
 You descend the stairs.
 The killer bee stings!
 In what direction? 6
 The spell misses the killer bee.
 The killer bee stings!
 In what direction? 6
 The spell hits the killer bee!
 You kill the killer bee!
 In what direction? 6
 The spell hits the killer bee!
 You kill the killer bee!
 Welcome to experience level 5.
 In what direction? 6
 The spell hits the chickatrice!
 In what direction? 6
 The spell hits the chickatrice!
 You kill the chickatrice!
 The soldier ant bites!
 The soldier ant stings!
 You hit the soldier ant.
 The soldier ant bites!
 The soldier ant stings!
 You hit the soldier ant.
 The soldier ant bites!
 The soldier ant stings!
 The soldier ant bites!
 You die...
 Do you want your possessions identified? [ynq] (y) y
 Do you want to see your attributes? [ynq] (y) q

Inventory:
 Coins    ('$')
  $ - 116 gold pieces
 Weapons  (')')
  a - a blessed +1 quarterstaff (weapon in hands)
 Armor    ('[')
  b - an uncursed +0 cloak of magic resistance (being worn)
 Comestibles  ('%')
  A - an uncursed slime mold
  x - 2 uncursed food rations
  z - an uncursed lichen corpse
 Scrolls  ('?')
  j - 2 uncursed scrolls of confuse monster
  v - an uncursed scroll of fire
  k - 2 uncursed scrolls of identify
 Spellbooks  ('+')
  l - a blessed spellbook of force bolt
  m - a blessed spellbook of light
 Potions  ('!')
  g - an uncursed potion of gain ability
  q - 2 uncursed potions of healing
  u - an uncursed potion of monster detection
  h - an uncursed potion of water
 Rings    ('=')
  d - an uncursed ring of conflict
  D - a cursed ring of free action
  e - an uncursed +1 ring of gain constitution (on right hand)
  C - a cursed -1 ring of gain strength
 Wands    ('/')
  c - a wand of cancellation (0:7)
  t - a wand of light (0:14)
 Tools    ('(')
  o - an uncursed blindfold
  r - an uncursed blindfold
  n - a magic marker (0:19)

Drastanta the Wizard's attributes:

Background:
 You were a Conjurer, a level 5 male gnomish Wizard.
 You were neutral, nominally on a mission for Thoth
 who was opposed by Ptah (lawful) and Anhur (chaotic).
 You were right-handed.
 You were in the Dungeons of Doom, on level 6.
 You entered the dungeon 2474 turns ago.
 You had 310 experience points, 10 more were needed to attain level 6.

Basics:
 You had 0 out of 39 hit points.
 You had 30 out of 63 energy points (spell power).
 Your armor class was 9.
 Your wallet contained 116 zorkmids.
 Autopickup was off.

Final Characteristics:
 Your strength was 10 (limit:18/50).
 Your dexterity was 13 (limit:18).
 Your constitution was 16 (base:15, limit:18).
 Your intelligence was 18 (limit:19).
 Your wisdom was 12 (limit:18).
 Your charisma was 10 (limit:18).

Final Status:
 You weren't hungry.
 You were unencumbered.
 You were wielding a quarterstaff.
 You had basic skill with quarterstaff.

Final Attributes:
 You were stridently aligned.
 You were magic-protected.
 You had infravision.
 You were warded.
 You are dead.

Miscellaneous:
 You encountered 1 bones level.
 Total elapsed playing time was 29 minutes and 1 second.

Major events:
 Turn
    1: Drastanta the neutral male gnomish Wizard entered the dungeon
 1153: entered the Gnomish Mines
 1426: attained the rank of Conjurer (level 3)
 2474: killed by a soldier ant

Spells:
 Name                 Level Category     Fail Retention
 force bolt             1   attack         0%   81%-90%
 light                  1   divination     0%  76%-100%

Skills:
 Fighting Skills
   bare handed combat [Unskilled]
   riding             [Unskilled]
 Weapon Skills
   dagger             [Unskilled]
   knife              [Unskilled]
   axe                [Unskilled]
   short sword        [Unskilled]
   club               [Unskilled]
   mace               [Unskilled]
   quarterstaff       [Basic]
   polearms           [Unskilled]
   spear              [Unskilled]
   trident            [Unskilled]
   sling              [Unskilled]
   dart               [Unskilled]
   shuriken           [Unskilled]
 Spellcasting Skills
   attack spells      [Basic]
   healing spells     [Unskilled]
   divination spells  [Unskilled]
   enchantment spells [Basic]
   clerical spells    [Unskilled]
   escape spells      [Unskilled]
   matter spells      [Unskilled]

Voluntary challenges:
 Character rerolling was not enabled.
 You were an atheist.
 You never genocided any monsters.
 You never polymorphed an object.
 You never changed form.
 You used no wishes.
Achievements:
 You entered a shop.
 You entered the Gnomish Mines.
 You attained the rank of Conjurer.

 The Dungeons of Doom: levels 1 to 6
    Level 1:
       A fountain.
    Level 2:
    Level 3:
       A general store.
       Stairs down to The Gnomish Mines.
    Level 4:
       A general store.
    Level 5:
       Some fountains.
    Level 6: <- You were here.
       Final resting place for
          you, killed by a soldier ant,
          levoittiel-Cav-Dwa-Fem-Law, killed by a guardian naga, while paralyzed.
 The Gnomish Mines:
    Level 4:


Vanquished creatures:
  a chickatrice
  a dwarf leader
  a rock piercer
  a rock mole
  a paper golem
  2 giant ants
  a homunculus
  a kobold leader
 an iguana
  2 killer bees
 an acid blob
  2 giant rats
  a cave spider
  a green mold
  a garter snake
  a gecko
  a fox
  2 kobolds
  a goblin
  5 sewer rats
  4 grid bugs
  a bat
  5 lichens
  2 newts
40 creatures vanquished.

No species were genocided or became extinct.

Game over:
                       ----------
                      /          \
                     /    REST    \
                    /      IN      \
                   /     PEACE      \
                  /                  \
                  |    Drastanta     |
                  |      116 Au      |
                  |   killed by a    |
                  |   soldier ant    |
                  |                  |
                  |                  |
                  |       2026       |
                 *|     *  *  *      | *
        _________)/\\_//(\/(/\)/\//\/|_)_______

Goodbye Drastanta the Wizard...

You died in The Dungeons of Doom on dungeon level 6 with 1595 points,
and 116 pieces of gold, after 2474 moves.
You were level 5 with a maximum of 39 hit points when you died.

